 Dungeon Crawl Stone Soup version 0.32-a0-391-gce5c0aab1b (webtiles) character file.

Game seed: 17712958523813944318

549 senseless the Slasher (level 7, -1/55 HPs)
             Began as a Coglin Gladiator on Feb 19, 2024.
             Slain by a gnoll
             ... wielding a +0 flail
             ... led by a gnoll bouda
              (8 damage)
             ... on level 4 of the Dungeon.
             The game lasted 00:06:03 (2070 turns).

senseless the Slasher (Coglin Gladiator)            Turns: 2070, Time: 00:06:04

Health: -1/55      AC:  8    Str: 14    XL:     7   Next: 28%
Magic:  7/7        EV: 14    Int:  7    God:
Gold:   189        SH:  0    Dex: 18    Spells: 6/6 levels left

rFire   . . .        a - +2 long sword {Prasit}
rCold   . . .        k - +0 rapier {Elena}
rNeg    + . .        q - +2 robe {rN+}
rPois   .            c - +0 helmet
rElec   .            o - +2 cloak
rCorr   .            (no gloves)
SInv    .            (no boots)
Will    .....        (no amulet)
Stlth   ++           (no ring)
HPRegen 0.29/turn    (no ring)
MPRegen 0.10/turn

%: no passive effects
@: revved, stiff-legged, very slow
A: off-hand wielding, slow wielding, warmup strikes, warmup strides
a: no special abilities


You were on level 4 of the Dungeon.
You visited 1 branch of the dungeon, and saw 4 of its levels.

You collected 189 gold pieces.

Inventory:

Hand Weapons
 a - a +2 long sword (weapon) {Prasit}
 f - a +0 dagger {Kammani}
 k - a +0 rapier (worn) {Elena}
 m - a +3 halberd
Missiles
 d - 3 throwing nets (quivered)
 e - a javelin
 p - 6 poisoned darts
Armour
 b - a +0 leather armour
 c - a +0 helmet (worn)
 j - a +0 ring mail of willpower
 o - a +2 cloak (worn)
 q - a +2 robe of positive energy (worn)
Wands
 r - a wand of polymorph (7)
Scrolls
 g - a scroll of fog
 l - a scroll of amnesia
Potions
 h - 2 potions of curing
 i - 3 potions of enlightenment
 n - a potion of invisibility {unknown}


   Skills:
 + Level 4.7 Fighting
 + Level 5.2 Long Blades
 - Level 1.7 Throwing
 + Level 4.7 Dodging


You had 6 spell levels left.
You didn't know any spells.
Your spell library contained the following spells:

 Spells                   Type           Power      Damage    Failure   Level
 Shock                    Conj/Air       0%         1d3       43%         1
 Swiftness                Air            0%         N/A       80%         3
 Airstrike                Air            0%         2d(0-16)  99%         4


Dungeon Overview and Level Annotations

Branches:
Dungeon (4/15)
 Temple: D:4-7

Altars:
Elyvilon
Vehumet


Innate Abilities, Weirdness & Mutations

You can wield a second weapon in your off-hand.
It takes a long time for you to wield or remove held weapons.
Your first few attacks do less damage.
Your first movements take longer.


Message History

The gnoll bouda hits you with a +0 club!
The gnoll barely misses you. The gnoll hits you with a +0 halberd!
* * * LOW HITPOINT WARNING * * *
The gnoll hits you but does no damage.
You hit the gnoll bouda with your +0 rapier.
The gnoll bouda is lightly wounded.
You closely miss the gnoll bouda with your +2 long sword.
The gnoll bouda completely misses you. The gnoll closely misses you.
The gnoll misses you. The gnoll completely misses you.
You hit the gnoll bouda with your +0 rapier.
The gnoll bouda is lightly wounded.
You slash the gnoll bouda with your +2 long sword!
Your attacks no longer feel as feeble.
The gnoll bouda barely misses you. The gnoll barely misses you.
The gnoll hits you but does no damage. The gnoll hits you with a +0 club.
* * * LOW HITPOINT WARNING * * *
The gnoll bouda hits you but does no damage.
Okay, then.
You hit the gnoll bouda but do no damage.
The gnoll bouda is heavily wounded.
You hit the gnoll bouda but do no damage.
The gnoll misses you. The gnoll closely misses you.
The gnoll barely misses you. The gnoll bouda barely misses you.
You hit the gnoll bouda with your +0 rapier.
The gnoll bouda is heavily wounded.
You slash the gnoll bouda with your +2 long sword!
You kill the gnoll bouda!
The gnoll closely misses you. The gnoll barely misses you.
The gnoll hits you but does no damage.
You hit the gnoll with your +2 long sword.
The gnoll is moderately wounded.
You hit the gnoll with your +0 rapier. The gnoll barely misses you.
The gnoll hits you but does no damage. The gnoll closely misses you. x2
You closely miss the gnoll with your +2 long sword.
The gnoll is heavily wounded.
You puncture the gnoll with your +0 rapier!
You kill the gnoll!
The gnoll completely misses you. The gnoll misses you.
The gnoll hits you with a +0 flail!
You die...

. $# #+##.#
.....# .....# #
.....#
..#.######g...(##
#........@g......
#.##...g)....##
#.#..#####.#.#
#.#..#...# #
#.#..#...#
#.#..#...#.#
#.'..#._.#.#
###..#...#..
#..#...#.#


You could see 3 gnolls.

Vanquished Creatures
  Sigmund (D:3)
  An ogre (D:4)
  A gnoll bouda (D:4)
  Ijyb (D:3)
  A statue (D:4)
  Robin (D:3)
  5 gnolls
  5 adders
  3 dart slugs
  A ribbon worm (D:3)
  An orc (D:3)
  5 ball pythons
  3 endoplasms
  20 hobgoblins
  4 kobolds
  3 quokkas
  5 bats
  2 frilled lizards
  13 goblins
  6 rats
82 creatures vanquished.

Notes
Turn   | Place    | Note
-------+----------+-------------------------------------------
     0 | D:1      | senseless the Coglin Gladiator began the quest for the Orb.
     0 | D:1      | Reached XP level 1. HP: 16/16 MP: 1/1
   110 | D:1      | Reached XP level 2. HP: 17/22 MP: 2/2
   291 | D:1      | Reached XP level 3. HP: 21/28 MP: 3/3
   595 | D:1      | Found a faded altar of an unknown god.
   718 | D:2      | Reached XP level 4. HP: 32/34 MP: 4/4
  1293 | D:3      | Reached skill level 4 in Long Blades
  1295 | D:3      | Reached XP level 5. HP: 33/41 MP: 5/5
  1486 | D:3      | Noticed Sigmund
  1492 | D:3      | Killed Sigmund
  1493 | D:3      | Reached XP level 6. HP: 46/48 MP: 6/6
  1707 | D:3      | Found a white marble altar of Elyvilon.
  1708 | D:3      | Noticed Robin
  1719 | D:3      | Killed Robin
  1847 | D:3      | Noticed Ijyb
  1889 | D:3      | Killed Ijyb
  1961 | D:4      | Reached skill level 5 in Long Blades
  1961 | D:4      | Reached XP level 7. HP: 55/55 MP: 7/7
  2025 | D:4      | Found a radiant altar of Vehumet.
  2070 | D:4      | Slain by a gnoll

Illustrated notes

Levels and vault maps discovered:
D:1:      spicycebolla_arrival_clurvy, layout_rooms, serial_glass,
          glass_columns_b, glass_columns_a,
          hellmonk_ecumenical_altar_heavens_door, minmay_nonomino_d4
D:2:      layout_basic
D:3:      layout_loops_cross, old_standard_altar, uniq_sigmund, uniq_robin,
          uniq_ijyb
D:4:      layout_basic, vehumet_statue, lemuel_crystal_altar,
          grunt_decor_fettered, nicolae_goblin_pals, uniq_crazy_yiuf_cottage

Skill      XL: |  1  2  3  4  5  6 |
---------------+-------------------+-----
Dodging        | 3 4 |  4.7
Fighting       | 3 4 |  4.7
Long Blades    | 4 5 |  5.2
Throwing       | |  1.7

Action                     |  1- 3 |  4- 6 |  7- 9 || total
---------------------------+-------+-------+-------++-------
  Melee: Long sword        |    40 |    84 |    25 ||   149
         Dagger            |     4 |       |       ||     4
         Rapier            |    28 |    71 |    21 ||   120
         Unarmed           |       |     6 |       ||     6
  Throw: Throwing net      |       |     3 |       ||     3
    Use: Scroll            |     6 |     3 |     1 ||    10
   Stab: Sleeping          |     3 |       |       ||     3
         Held in net/web   |       |     1 |       ||     1
 Armour: Leather armour    |    21 |    12 |       ||    33
         Ring mail         |       |    11 |       ||    11
         Robe              |       |    41 |    18 ||    59
         Skin              |       |     4 |       ||     4
  Dodge: Dodged            |    40 |    98 |    30 ||   168

Table legend: (Time is in decaauts)
 A = Elapsed time spent in this place.
 B = Non-inter-level travel time spent in this place.
 C = Inter-level travel time spent in this place.
 D = Time resting spent in this place.
 E = Time spent auto-exploring this place.
 F = Levels seen in this place.
 G = Mean time per level.
                   A        B        C        D        E       F      G
               +--------+--------+--------+--------+--------+-----+--------+
         Total |   2185 |   2103 |     82 |      0 |   1571 |   4 |  546.2 |
       Dungeon |   2185 |   2103 |     82 |      0 |   1571 |   4 |  546.2 |
               +--------+--------+--------+--------+--------+-----+--------+

Top non-repeatable levels by time:
     D:3: 742 daAuts
     D:2: 657 daAuts
     D:1: 649 daAuts
     D:4: 136 daAuts
